 Dungeon Crawl Stone Soup version 0.25.1-2-g60ff931df9 (webtiles) character file.

Game seed: 7219068874464919981

89 Allula97 the Shield-Bearer (level 4, 0/37 HPs)
             Began as a Formicid Fighter on Nov 14, 2020.
             Slain by a gnoll (5 damage)
             ... on level 3 of the Dungeon.
             The game lasted 00:07:52 (1798 turns).

Allula97 the Shield-Bearer (Formicid Fighter)       Turns: 1798, Time: 00:07:53

Health: 0/37       AC:  7    Str: 20    XL:     4   Next: 84%
Magic:  0/4        EV:  8    Int:  8    God:
Gold:   154        SH:  9    Dex: 11    Spells: 3/3 levels left

rFire    + . .     SeeInvis +   a - +0 long sword
rCold    x . .     Gourm    .   c - +0 kite shield
rNeg     . . .     Faith    .   b - +0 scale mail
rPois    .         Spirit   +   (helmet unavailable)
rElec    .         Reflect  .   (no cloak)
rCorr    .         Harm     .   (no gloves)
MR       .....                  (no boots)
Stlth    ..........             l - amulet of guardian spirit (curse)
HPRegen  0.12/turn              p - ring of fire
MPRegen  0.09/turn              (no ring)

@: lethally poisoned (0 -> -4)
A: permanent stasis, dig shafts and tunnels, four strong arms, antennae 3
a: Dig, Shaft Self


You were on level 3 of the Dungeon.
You were not hungry.

You visited 1 branch of the dungeon, and saw 3 of its levels.

You collected 154 gold pieces.

Inventory:

Hand Weapons
 a - a +0 long sword (weapon)
Armour
 b - a +0 scale mail (worn)
 c - a +0 kite shield (worn)
Jewellery
 l - a cursed amulet of guardian spirit (around neck)
 p - a ring of fire (left hand)
Scrolls
 d - a scroll of amnesia {unknown}
 e - a scroll of identify {unknown}
 i - a scroll of enchant weapon {unknown}
 j - a scroll of fear {unknown}
 k - a scroll of remove curse {unknown}
 m - a scroll of immolation {unknown}
 n - a scroll of magic mapping {unknown}
Potions
 h - a potion of curing {unknown}
 o - a potion of mutation {unknown}
Comestibles
 f - 8 rations
 g - 4 chunks of flesh


   Skills:
 * Level 3.7 Fighting
 * Level 2.6 Long Blades
 * Level 4.0 Armour
 + Level 0.8 Dodging
 + Level 1.6 Stealth
 * Level 4.2 Shields


You had 3 spell levels left.
You didn't know any spells.
Your spell library contained the following spells:

 Spells                   Type           Power        Failure   Level  Hunger
 Magic Dart               Conj           #...         98%         1    ##.....
 Call Imp                 Summ           #.......     99%         2    ###....
 Slow                     Hex            #.......     99%         2    ###....
 Conjure Flame            Conj/Fire      #.......     100%        3    ####...
 Mephitic Cloud           Conj/Pois/Air  #.......     100%        3    ####...
 Blink                    Tloc           Unusable     N/A         2    N/A

Dungeon Overview and Level Annotations

Branches:
Dungeon (3/15)

Altars:
Ashenzari


Innate Abilities, Weirdness & Mutations

You cannot be hasted, slowed, berserked, paralysed or teleported.
You can dig through walls and to a lower floor.
Your four strong arms can wield two-handed weapons with a shield.
You have a pair of large antennae on your head. (SInv)


Message History

You kill the gnoll!
Your Armour skill increases to level 4!
You block the gnoll's attack. The adder closely misses you.
You riposte.
You miss the adder. You hit the adder.
The adder is heavily wounded.
The adder bites you but does no damage. You block the gnoll's attack.
You block the adder's attack.
You barely miss the adder.
The adder is heavily wounded.
The gnoll barely misses you. The adder bites you but does no damage.
The gnoll hits you!
* * * LOW HITPOINT WARNING * * *
You miss the adder.
The adder is heavily wounded.
The adder bites you.
* * * LOW HITPOINT WARNING * * *
You are poisoned.
The adder poisons you! The gnoll hits you.
You die...

....# .# .....#
..# ......####
...#
.........###...#
..o.............
..g.....oo.......
... #.osgS......
#....####S###...
.......og@#
##.########


You could see 2 gnolls, an adder, 3 orcs, a giant cockroach and a ball python.

Vanquished Creatures
  2 gnolls (D:3)
  4 worms (D:2)
  A dart slug (D:2)
  A leopard gecko (D:2)
  2 giant cockroaches
  8 goblins
  8 hobgoblins
  6 jackals (D:2)
  7 bats
  3 frilled lizards
  5 kobolds
  4 rats
51 creatures vanquished.

Notes
Turn   | Place    | Note
-------+----------+-------------------------------------------
     0 | D:1      | Allula97 the Formicid Fighter began the quest for the Orb.
     0 | D:1      | Reached XP level 1. HP: 18/18 MP: 1/1
   147 | D:1      | Reached XP level 2. HP: 17/24 MP: 2/2
   737 | D:2      | Reached XP level 3. HP: 11/29 MP: 0/3
   759 | D:2      | Reached skill level 1 in Stealth
  1205 | D:2      | Found a faded altar of an unknown god.
  1307 | D:2      | Reached XP level 4. HP: 36/36 MP: 4/4
  1684 | D:2      | Found a shattered altar of Ashenzari.
  1798 | D:3      | Slain by a gnoll

Illustrated notes

Levels and vault maps discovered:
D:1:      ncdulo_smallfort, layout_basic
D:2:      layout_basic, nicolae_overflow_crystal_walls,
          chequers_ecumenical_altar_island, st_stairs_11, feat_on_display
D:3:      layout_loops_cross, chequers_temple_overflow_statue_of_worship

Skill      XL: |  1  2  3  4 |
---------------+-------------+-----
Stealth        | 1 |  1.6
Shields        | 4 |  4.2
Armour         | 4 |  4.0
Fighting       | |  3.7
Long Blades    | |  2.6
Dodging        | |  0.8

Action                   |  1- 3 |  4- 6 || total
-------------------------+-------+-------++-------
Melee: Long sword        |   112 |    63 ||   175
  Use: Potion            |     3 |       ||     3
  Eat: Chunk             |     1 |     2 ||     3
Armor: Scale mail        |    73 |    32 ||   105
Dodge: Dodged            |    63 |    41 ||   104
Block: Kite shield       |    82 |    48 ||   130
       Rpst.: Long sword |    16 |    10 ||    26
